 Dungeon Crawl Stone Soup version 0.20-a0-1000-g0e8f6bb (webtiles) character file.

3027 Lochraine the Frost Mage (level 9, -1/53 HPs)
             Began as a Merfolk Ice Elementalist on Apr 12, 2017.
             Was a Priest of Hepliaklqana.
             Slain by a two-headed ogre
             ... wielding a +0 giant club
              (18 damage)
             ... on level 9 of the Dungeon.
             The game lasted 00:29:55 (9555 turns).

Lochraine the Frost Mage (Merfolk Ice Elementalist) Turns: 9555, Time: 00:29:56

Health: -1/53      AC:  7    Str: 10    XL:     9   Next: 85%
Magic:  2/13       EV: 13    Int: 15    God:    Hepliaklqana [***...]
Gold:   350        SH:  0    Dex: 15    Spells: 1/13 levels left

rFire    . . .     SeeInvis .   B - +3 short sword (protect)
rCold    . . .     Gourm    .   (no shield)
rNeg     . . .     Faith    +   a - +0 robe
rPois    .         Spirit   .   (no helmet)
rElec    .         Reflect  .   D - +0 cloak
rCorr    .         Harm     .   (no gloves)
MR       .....                  (no boots)
Stlth    +++.......             l - amulet of faith
Regen    0.2/turn               (no ring)
MPRegen  0.2/turn               j - +2 ring of protection

@: no status effects
A: change form in water, swift swim, stealthy swim, reduced essence, iridescent
scales 1, MP-powered wands
a: Recall Ancestor, Ancestor Identity, Transference, Renounce Religion


You were on level 9 of the Dungeon.
You worshipped Hepliaklqana.
Hepliaklqana was most pleased with you.
You were hungry.

You visited 2 branches of the dungeon, and saw 10 of its levels.

You collected 420 gold pieces.
You spent 70 gold pieces at shops.

Inventory:

Hand Weapons
 e - a +0 dagger
 u - a +0 war axe
 v - a +0 spear
 B - a +3 short sword of protection (weapon)
Armour
 a - a +0 robe (worn)
 D - a +0 cloak (worn)
Jewellery
 j - a +2 ring of protection (right hand)
 l - an amulet of faith (around neck)
 J - a +4 amulet of reflection {unknown}
Wands
 f - a wand of iceblast (6/15)
 s - a wand of random effects (32/48)
 F - a wand of acid (7/15)
Scrolls
 d - a scroll of random uselessness {unknown}
 h - 4 scrolls of teleportation
 i - 3 scrolls of identify
 n - a scroll of blinking {unknown}
 q - 5 scrolls of remove curse
 r - 3 scrolls of recharging
 w - 2 scrolls of fog
 C - a scroll of enchant weapon
 E - 2 scrolls of amnesia
 L - a scroll of enchant armour {unknown}
Potions
 k - a potion of curing
 m - a potion of mutation
 o - 2 potions of heal wounds
 t - 3 potions of brilliance
 x - 3 potions of agility
 z - 2 potions of magic
 H - a potion of might
 K - a potion of lignification {unknown}
Books
 b - a book of Frost

   Spells                             Type                      Level
   a - Freeze                         Ice                          1
   b - Throw Frost                    Conjuration/Ice              2
   c - Ozocubu's Armour               Charms/Ice                   3
   d - Throw Icicle                   Conjuration/Ice              4
   e - Summon Ice Beast               Ice/Summoning                4
 g - a book of Minor Magic

   Spells                             Type                      Level
   a - Magic Dart                     Conjuration                  1
   b - Blink                          Translocation                2
   c - Call Imp                       Summoning                    2
   d - Slow                           Hexes                        2
   e - Conjure Flame                  Conjuration/Fire             3
   f - Mephitic Cloud                 Conjuration/Poison/Air       3
Comestibles
 c - 9 bread rations
 p - 9 fruits
 A - 2 chunks of flesh
 G - 4 meat rations
 I - 4 royal jellies


   Skills:
 + Level 1.4 Fighting
 - Level 3.0 Dodging
 - Level 6.2 Stealth
 + Level 2.7 Spellcasting
 - Level 3.9 Conjurations
 - Level 4.6 Charms
 - Level 7.0 Summonings
 + Level 1.0 Translocations
 - Level 8.4 Ice Magic


You had one spell level left.
You knew the following spells:

 Your Spells              Type           Power        Failure   Level  Hunger
a - Freeze                Ice            ####         1%          1    #......
b - Throw Frost           Conj/Ice       ###...       2%          2    ##.....
c - Ozocubu's Armour      Chrm/Ice       ###.....     4%          3    ###....
d - Summon Ice Beast      Ice/Summ       ####....     12%         4    #####..
e - Blink                 Tloc           N/A          21%         2    ##.....


Dungeon Overview and Level Annotations

Branches:
Dungeon (9/15)             Temple (1/1) D:4
   Lair: D:8-11         Orc: D:9-12

Altars:
Ashenzari
Cheibriados
Dithmenos
Elyvilon
Fedhas
Gozag
Hepliaklqana
Kikubaaqudgha
Makhleb
Nemelex Xobeh
Okawaru
Qazlal
Ru
Sif Muna
Trog
Uskayaw
Vehumet
Wu Jian
Xom
Yredelemnul
Zin
The Shining One

Shops:
D:4 (   D:5 ?   D:9 *


Innate Abilities, Weirdness & Mutations

You revert to your normal form in water.
You are very nimble and swift while swimming.
You are very stealthy in the water. (Stealth+)
Your life essence is reduced. (-10% HP)
You are partially covered in iridescent scales. (AC +2)
You expend magic power (3 MP) to strengthen your wands.


Message History

The two-headed ogre hits Mettia with a giant club!
Mettia blocks the two-headed ogre's attack.
Mettia hits the two-headed ogre with a flail.
Your ice beast hits the two-headed ogre.
Your ice beast freezes the two-headed ogre!
The two-headed ogre hits Mettia with a giant club!
Mettia is destroyed!
Your ice beast closely misses the two-headed ogre.
You hit the two-headed ogre.
Your weapon exudes an aura of protection.
The two-headed ogre is severely wounded.
The two-headed ogre hits you but does no damage.
The two-headed ogre hits you with a giant club!
* * * LOW HITPOINT WARNING * * *
Your ice beast barely misses the two-headed ogre.
Your ice beast completely misses the two-headed ogre.
Your ice beast barely misses the two-headed ogre. x2
Really walk into a travel-excluded area?
The two-headed ogre hits you with a giant club!!
You die...

#.............###
+...............###.#
#.............#..##.#
######+####.Y.....#.#
#.#.∩.#.).#
#.Y.......#
##..#..##†#
##..O.###.##
+....@.....####
########.)†...#
###.##...# #.# #....
#.## ### #..# ##.#
####'######
#########+####
#.........#


You could see a two-headed ogre and a friendly ice beast.

Vanquished Creatures
  A wyvern (D:8)
  2 orc warriors (D:6)
  2 sky beasts
  An ogre (D:8)
  A centaur (D:5)
  2 bullfrogs (D:7)
  A big kobold (D:7)
  3 killer bees (D:7)
  2 wights (D:7)
  5 crimson imps
  2 centaur skeletons
  A jelly (D:6)
  2 orc priests
  4 hounds
  3 iguanas
  5 orc wizards
  3 worker ants
  3 hound skeletons
  10 adders
  2 shadow imps
  3 oozes
  An adder skeleton (D:5)
  A dart slug (D:3)
  5 leopard geckos
  22 orcs
  4 bats
  3 giant cockroaches
  10 goblins
  4 hobgoblins
  2 quokkas
  3 frilled lizards (D:3)
  8 kobolds
  2 leopard gecko skeletons (D:4)
  A quokka skeleton (D:7)
  3 rats
127 creatures vanquished.

Vanquished Creatures (collateral kills)
  A phantom (D:6)
  An ice beast (D:8)
  A black bear (D:7)
  An ogre (D:9)
  A necrophage (D:6)
  A wight (D:6)
  4 killer bees
  A crimson imp (D:5)
  A hound (D:4)
  2 orc priests (D:8)
  3 iguanas
  2 orc wizards
  3 worker ants
  2 adders (D:6)
  2 shadow imps
  2 oozes (D:7)
  An adder skeleton (D:6)
  A worm (D:6)
  6 orcs
36 creatures vanquished.

Vanquished Creatures (others)
  2 knights
  3 ancestors
  5 toadstools (D:1)
10 creatures vanquished.

Grand Total: 173 creatures vanquished

Notes
Turn   | Place    | Note
-------+----------+-------------------------------------------
     0 | D:1      | Lochraine the Merfolk Ice Elementalist began the quest for the Orb.
     0 | D:1      | Reached XP level 1. HP: 13/13 MP: 3/3
   168 | D:1      | Reached XP level 2. HP: 19/19 MP: 1/5
   612 | D:2      | Learned a level 2 spell: Throw Frost
   643 | D:2      | Reached skill level 1 in Conjurations
   643 | D:2      | Reached XP level 3. HP: 13/24 MP: 0/6
   859 | D:2      | Found a snail-covered altar of Cheibriados.
  1084 | D:2      | Found a shimmering altar of Xom.
  1209 | D:2      | Learned a level 3 spell: Ozocubu's Armour
  1748 | D:2      | Reached XP level 4. HP: 30/30 MP: 5/7
  1915 | D:3      | Found a bloodstained altar of Trog.
  2095 | D:3      | Reached skill level 1 in Charms
  2095 | D:3      | Reached skill level 4 in Ice Magic
  2598 | D:4      | Reached XP level 5. HP: 23/35 MP: 0/8
  2979 | D:4      | Noticed an ogre
  3406 | D:4      | Found Sanevium's Weapon Emporium.
  3623 | D:4      | Found a staircase to the Ecumenical Temple.
  3630 | Temple   | Entered the Ecumenical Temple
  3843 | Temple   | Became a worshipper of Hepliaklqana the Forgotten
  4026 | D:4      | Reached XP level 6. HP: 35/36 MP: 5/9
  4137 | D:5      | Entered Level 5 of the Dungeon
  4137 | D:5      | Noticed a sky beast
  4173 | D:5      | Found Nudyw's Magic Scroll Shop.
  4178 | D:5      | Bought a scroll of identify for 28 gold pieces
  4178 | D:5      | Bought a scroll of remove curse for 42 gold pieces
  4232 | D:5      | Found a white marble altar of Elyvilon.
  4473 | D:5      | Reached skill level 5 in Ice Magic
  4484 | D:5      | Reached XP level 7. HP: 23/41 MP: 5/10
  4628 | D:5      | Reached skill level 5 in Stealth
  4955 | D:5      | Found an opulent altar of Gozag.
  5153 | D:6      | Found a sacrificial altar of Ru.
  5211 | D:6      | Reached * piety under Hepliaklqana
  5245 | D:6      | Reached XP level 8. HP: 44/46 MP: 11/11
  5260 | D:6      | Reached skill level 6 in Ice Magic
  5337 | D:6      | Found an ornate altar of the Wu Jian Council.
  5768 | D:6      | Learned a level 4 spell: Summon Ice Beast
  5815 | D:6      | Reached skill level 1 in Summonings
  6413 | D:7      | Found a glowing silver altar of Zin.
  6414 | D:7      | Found a shadowy altar of Dithmenos.
  6531 | D:6      | Gained mutation: You expend magic power (3 MP) to strengthen your wands. [potion of mutation]
  6531 | D:6      | Gained mutation: You are partially covered in iridescent scales. (AC +2) [potion of mutation]
  7160 | D:7      | Reached skill level 7 in Ice Magic
  7468 | D:7      | Reached XP level 9. HP: 21/51 MP: 4/12
  7869 | D:7      | Reached skill level 5 in Summonings
  7892 | D:7      | Reached ** piety under Hepliaklqana
  7931 | D:7      | Remembered your ancestor Mettia as a knight
  8001 | D:7      | Found a stormy altar of Qazlal.
  8002 | D:7      | Found a snail-covered altar of Cheibriados.
  8690 | D:8      | Reached skill level 8 in Ice Magic
  9321 | D:9      | Learned a level 2 spell: Blink
  9494 | D:9      | Reached skill level 1 in Fighting
  9500 | D:9      | Reached skill level 1 in Translocations
  9526 | D:9      | Found Kegecixzyf's Demolitions Depot.
  9534 | D:9      | Noticed a two-headed ogre
  9536 | D:9      | Reached *** piety under Hepliaklqana
  9555 | D:9      | Slain by a two-headed ogre

Vault maps used:
D:1:      ldierk_walled_garden
D:2:      xom_butterflies, first_bread, cheibriados_altar_1
D:3:      nicolae_overflow_crystal_walls
D:4:      minmay_temple_entry_statues_pillars, serial_shops, nicolae_shop_stone
D:5:      elyvilon_altar_3, serial_shops, shop_scrolls, grunt_gozag_breadcrumbs
D:6:      nicolae_ru_path_of_blood, marbit_many_paths
D:7:      nicolae_overflow_hidden_temple
D:9:      david_orc_2, hangedman_fish_farm, nicolae_blasting_shop
Temple:   oiseaux_autumnal_temple

Skill      XL: |  1  2  3  4  5  6  7  8  9 |
---------------+----------------------------+-----
Dodging        | 3 |  3.0
Conjurations   | 1 2 3 |  3.9
Stealth        | 3 4 5 6 |  6.2
Charms         | 1 2 3 4 |  4.6
Ice Magic      | 4 5 7 8 |  8.4
Summonings     | 4 7 |  7.0
Fighting       | 1 |  1.4
Translocations | 1 |  1.0
Spellcasting   | |  2.7

Action                   |  1- 3 |  4- 6 |  7- 9 || total
-------------------------+-------+-------+-------++-------
Melee: Dagger            |    59 |     2 |       ||    61
       Unarmed           |     1 |       |       ||     1
       War axe           |       |    65 |       ||    65
       Short sword       |       |    24 |   349 ||   373
 Cast: Freeze            |    33 |    34 |    81 ||   148
       Throw Frost       |     1 |     1 |    24 ||    26
       Ozocubu's Armour  |       |       |    19 ||    19
       Summon Ice Beast  |       |       |     6 ||     6
Invok: Recall Ancestor   |       |       |     1 ||     1
       Ancestor Identity |       |       |     1 ||     1
       Ancestor Life: Kn |       |       |     1 ||     1
  Use: Scroll            |     1 |     3 |    13 ||    17
       Potion            |       |       |     3 ||     3
 Stab: Sleeping          |     6 |     7 |    16 ||    29
       Distracted        |       |       |     1 ||     1
  Eat: Chunk             |     3 |     5 |    24 ||    32
       Royal jelly       |       |     2 |       ||     2
Armor: Robe              |    29 |    25 |   186 ||   240
Dodge: Dodged            |    66 |    87 |   351 ||   504
